Unix NetHack Version 5.0.0-0 post-release - last build Jun 10 2026 00:39:30 (3ee93aec679c4c4259841fe613dc97188e26a321,branch:main).

Game began 2026-07-07 15:03:58, ended 2026-07-07 17:55:45.

Atrocia, lawful male human Samurai

                                                 -------             ----
  ----                    ---                ----|..|..|             -.@------
 -->.|                  ---.-----            |..--.....|----        |`.q..|..|
 |...--                 |.......-----        |.........--..|        -#.......--
 |....|     ----        |...---   ..|        |-.....---....--        |-.......|
 ---..--    |..---      |...--    -.|        |.....-----..).-------- |.......--
   |...|    |....----   |....------.-----------....................`---......|
   |...|    |.......|   |.--.........[.)................-...-------..-|......|
 ---.|.|    --.|....-----.|---------......-------.-----.....---   --..|--...--
 |...|.|     |.|......|...| ----   |.)---....|  |.--- -.......|    --.---..--
 |.--|.----- |.---......-----..|   |.....---.|  |...||........-     |.....--
 |..||.....| |..|---....|  |...| ---.....---.|  |...|--..--....|    |.....|
 |..------.----.|  |....|  --..| |...........|  --.-- ------...-   --...^-|
 |...|   |....|.|  |...--   --.---...........|   ---        ....   |......|
 |...--  ---....|  |.---     |...............--             -....- --.....-
 --...-    --<-.|  |.|       --...............--             .....  ----...-
  --...|    |...|---.|        --...............|              ...--    ---..|
   |..--    |...|....|         -..............--              ----        ..|
   ----     --......--        |...---.....---.|                            .|
             -----..|         --..| -------  --                            --
                 ----          ----
Atrocia the Ninja      St:16 Dx:18 Co:17 In:10 Wi:8 Ch:7  Lawful
Dlvl:10 $:566 HP:0(94) Pw:36(36) AC:-2 Xp:9 T:5579  Satiated Burdened

Latest messages:
 There is a partly eaten yeti corpse here; eat it? [ynq] (n) y
 You resume your meal.
 It hits!
 You stop eating the yeti corpse.
 What do you want to wield? [- a-czMR or ?*] a
 a - a corroded +0 katana (weapon in right hand).
 You attack thin air.
 It misses!
 You hit it.
 You hit it.
 It hits!
 Are you sure you want to pray? [yn] (n) y
 You begin praying to Amaterasu Omikami.
 You are surrounded by a shimmering light.
 You feel something move nearby.
 You finish your prayer.
 You feel that Amaterasu Omikami is well-pleased.
 You feel much better.
 The leocrotta just misses!
 The leocrotta bites!
 The leocrotta hits!
 It hits!
 The leocrotta misses!
 The leocrotta misses!
 The leocrotta hits!
 You hit the leocrotta!
 The leocrotta hits!
 The leocrotta misses!
 The leocrotta misses!
 It hits!
 You have trouble lifting a partly eaten yeti corpse.  Continue? [ynq] (q) q
 The leocrotta hits!
 The leocrotta bites!
 The leocrotta hits!
 It just misses!
 You hit the leocrotta!
 The leocrotta misses!
 The leocrotta bites!
 The leocrotta hits!
 It hits!
 You hit the leocrotta!
 The leocrotta hits!
 The leocrotta misses!
 The leocrotta hits!
 It just misses!
 You hit the leocrotta!
 The leocrotta hits!
 You die...
 Do you want your possessions identified? [ynq] (y) y
 Do you want to see your attributes? [ynq] (y) q

Inventory:
 Coins    ('$')
  $ - 566 gold pieces
 Amulets  ('"')
  K - an uncursed amulet versus poison (being worn)
 Weapons  (')')
  R - 52 +0 arrows (in quiver)
  c - a +0 yumi
  z - 3 cursed -1 daggers
  a - a corroded +0 katana (weapon in right hand)
  b - a +0 wakizashi
 Armor    ('[')
  n - an uncursed +0 dwarvish iron helm (being worn)
  y - an uncursed +0 pair of yugake (being worn)
  w - an uncursed +0 pair of iron shoes (being worn)
  g - a blessed +0 cloak of magic resistance (being worn)
  e - an uncursed rustproof +0 splint mail (being worn)
 Comestibles  ('%')
  B - 3 uncursed slime molds
  j - an uncursed gunyoki
  m - an uncursed tripe ration
  o - an uncursed egg
 Scrolls  ('?')
  p - a blessed scroll of destroy armor
  d - an uncursed scroll of enchant weapon
  x - a cursed scroll of enchant weapon
  h - 2 uncursed scrolls of identify
 Potions  ('!')
  v - a blessed potion of gain ability
  i - 2 uncursed potions of paralysis
  l - an uncursed potion of see invisible
 Tools    ('(')
  D - an empty uncursed sack
  r - a bag of tricks (0:11)
  H - an uncursed koto
  S - a cursed magic lamp (lit)
  s - an uncursed mirror
  M - a +0 pick-axe (alternate weapon; not wielded)
  E - an uncursed tallow candle
  t - an uncursed tin whistle
  F - an uncursed tin whistle
  f - an uncursed towel
 Gems/Stones  ('*')
  q - an uncursed citrine stone
  u - an uncursed topaz stone
  k - 2 uncursed worthless pieces of black glass
  C - 3 uncursed worthless pieces of green glass
  G - 3 uncursed worthless pieces of violet glass
  A - 3 uncursed worthless pieces of yellowish brown glass

Atrocia the Samurai's attributes:

Background:
 You were a Ninja, a level 9 male human Samurai.
 You were lawful, on a mission for Amaterasu Omikami
 who was opposed by Raijin (neutral) and Susanowo (chaotic).
 You were right-handed.
 You were in the Gnomish Mines, on level 10.
 You entered the dungeon 5579 turns ago.
 You had 2705 experience points, 2415 more were needed to attain level 10.

Basics:
 You had 0 out of 94 hit points.
 You had all 36 energy points (spell power).
 Your armor class was -2.
 Your wallet contained 566 zorkmids.
 Autopickup was on for '$"?+!=/' plus thrown.

Final Characteristics:
 Your strength was 16 (limit:18/100).
 Your dexterity was 18 (limit:18).
 Your constitution was 17 (peak:18, limit:18).
 Your intelligence was 10 (limit:18).
 Your wisdom was 8 (limit:18).
 Your charisma was 7 (limit:18).

Final Status:
 You were satiated.
 You were burdened; movement was slightly slowed.
 You were wielding a long sword.
 You had expert skill with long sword.

Final Attributes:
 You were piously aligned.
 You were magic-protected.
 You were poison resistant.
 You were warded.
 Your spell casting was impaired by metallic armor.
 You were fast.
 You are dead.

Miscellaneous:
 You didn't encounter any bones levels.
 Total elapsed playing time was 50 minutes and 24 seconds.

Major events:
 Turn
    1: Atrocia the lawful male human Samurai entered the dungeon
 1091: attained the rank of Ronin (level 3)
 1283: entered the Gnomish Mines
 2190: attained the rank of Ninja (level 6)
 3049: reached Mine Town
 5579: killed by a leocrotta

Spells:
 Name                 Level Category     Fail Retention
 light                  1   divination   100%   51%-75%
 cure sickness          3   healing      100%  76%-100%

Skills:
 Fighting Skills
   martial arts      [Basic]
   two weapon combat [Unskilled]
   riding            [Unskilled]
 Weapon Skills
   dagger            [Unskilled]
   knife             [Unskilled]
   short sword       [Basic]
   broadsword        [Unskilled]
   long sword        [Expert]
   two-handed sword  [Unskilled]
   saber             [Unskilled]
   flail             [Unskilled]
   quarterstaff      [Unskilled]
   polearms          [Unskilled]
   spear             [Unskilled]
   lance             [Unskilled]
   bow               [Basic]
   shuriken          [Unskilled]
 Spellcasting Skills
   attack spells     [Unskilled]
   divination spells [Unskilled]
   clerical spells   [Unskilled]

Voluntary challenges:
 Character rerolling was not enabled.
 You never genocided any monsters.
 You never polymorphed an object.
 You never changed form.
 You used no wishes.
Achievements:
 You attained the rank of Ronin.
 You entered the Gnomish Mines.
 You attained the rank of Ninja.
 You entered Minetown.
 You entered a temple.
 You entered a shop.

 The Dungeons of Doom: levels 1 to 4
    Level 1:
       Some fountains.
    Level 2:
       An altar, a fountain.
    Level 3:
       A fountain.
       Stairs down to The Gnomish Mines.
    Level 4:
 The Gnomish Mines: levels 4 to 10
    Level 4:
    Level 5:
    Level 6:
    Level 7:
       Many shops, a temple and an altar to Amaterasu Omikami, some fountains.
    Level 8:
    Level 9:
    Level 10: <- You were here.
       Final resting place for
          you, killed by a leocrotta.


Vanquished creatures:
  a gargoyle
 an elf mummy
  a wraith
 an amorous demon
  a giant spider
 an owlbear
  a yeti
  a gold golem
  a dog
  2 housecats
  a plains centaur
  a fog cloud
 17 gnome leaders
  4 gnomish wizards
  a giant ant
  a floating eye
  3 kittens
  4 dwarves
  4 homunculi
  2 kobold shamans
  8 hill orcs
  2 orc zombies
  2 dwarf zombies
  a wererat
  a werejackal
  2 iguanas
 11 killer bees
  2 acid blobs
  a hobbit
  2 giant rats
  2 cave spiders
 52 gnomes
  3 garter snakes
  2 gnome zombies
  4 geckos
  6 jackals
  a fox
  a kobold
  2 goblins
  7 sewer rats
  a grid bug
  a bat
  a lichen
  a kobold zombie
  7 newts
172 creatures vanquished.

No species were genocided or became extinct.

Game over:
                       ----------
                      /          \
                     /    REST    \
                    /      IN      \
                   /     PEACE      \
                  /                  \
                  |     Atrocia      |
                  |      566 Au      |
                  |   killed by a    |
                  |    leocrotta     |
                  |                  |
                  |                  |
                  |       2026       |
                 *|     *  *  *      | *
        _________)/\\_//(\/(/\)/\//\/|_)_______

Sayonara Atrocia the Samurai...

You died in The Gnomish Mines on dungeon level 10 with 9190 points,
and 566 pieces of gold, after 5579 moves.
You were level 9 with a maximum of 94 hit points when you died.

